 Dungeon Crawl Stone Soup version 0.25-a0-719-gde951dce62 (webtiles) character file.

Game seed: 9366805627883257220, levelgen mode: deterministic

1163 tilp the Charmwright (level 8, -2/63 HPs)
             Began as a Gnoll Skald on Apr 6, 2020.
             Was a Believer of Okawaru.
             Slain by an ogre
             ... wielding a +0 giant club
              (6 damage)
             ... on level 5 of the Dungeon.
             The game lasted 00:12:12 (4275 turns).

tilp the Charmwright (Gnoll Skald)                  Turns: 4275, Time: 00:12:13

Health: -2/63      AC: 11    Str: 14    XL:     8   Next: 40%
Magic:  15/17      EV: 15    Int: 17    God:    Okawaru [**....]
Gold:   275        SH:  0    Dex: 15    Spells: 8/19 levels left

rFire    . . .     SeeInvis .   a - +0 war axe
rCold    . . .     Gourm    .   (no shield)
rNeg     . . .     Faith    .   f - +0 scale mail
rPois    .         Spirit   .   o - +2 helmet (curse)
rElec    .         Reflect  .   (no cloak)
rCorr    .         Harm     .   (no gloves)
MR       .....                  (no boots)
Stlth    +++.......             (no amulet)
HPRegen  0.20/turn              z - ring of flight
MPRegen  0.15/turn              (no ring)

@: lethally poisoned (-2 -> -4), heroism
A: distributed training, fangs 1, strong nose
a: Heroism, Renounce Religion, Evoke Flight


You were on level 5 of the Dungeon.
You worshipped Okawaru.
Okawaru was pleased with you.
You were not hungry.

You visited 1 branch of the dungeon, and saw 5 of its levels.

You collected 275 gold pieces.

Inventory:

Hand Weapons
 a - a +0 war axe (weapon)
 b - a +0 hunting sling
 w - a +0 battleaxe
Missiles
 e - 127 stones (quivered)
 g - 67 sling bullets
 m - 58 bolts
 t - a throwing net
 y - 7 boomerangs of dispersal
Armour
 f - a +0 scale mail (worn)
 o - a cursed +2 helmet (worn)
 p - a +0 leather armour
 x - a +0 buckler
Jewellery
 z - a ring of flight (left hand)
Wands
 r - a wand of acid (9)
 u - a wand of paralysis (10)
Scrolls
 i - 4 scrolls of remove curse
 q - a scroll of fog
Potions
 h - 2 potions of brilliance
 j - a potion of curing {unknown}
 n - a potion of haste
 s - a potion of ambrosia
 A - a potion of lignification
Comestibles
 c - 3 chunks of flesh
 d - 10 rations


   Skills:
 + Level 5.6(10.6) Fighting
 + Level 3.2(8.2) Short Blades
 + Level 3.2(8.2) Long Blades
 + Level 5.6(10.6) Axes
 + Level 3.2(8.2) Maces & Flails
 + Level 3.2(8.2) Polearms
 + Level 3.2(8.2) Staves
 + Level 3.2(8.2) Slings
 + Level 3.2(8.2) Bows
 + Level 3.2(8.2) Crossbows
 + Level 3.2(8.2) Throwing
 + Level 4.1(9.1) Armour
 + Level 5.6(10.6) Dodging
 + Level 3.2(8.2) Stealth
 + Level 3.2(8.2) Shields
 + Level 3.2(8.2) Unarmed Combat
 + Level 6.0 Spellcasting
 + Level 2.6 Conjurations
 + Level 2.6 Hexes
 + Level 6.1 Charms
 + Level 2.6 Summonings
 + Level 2.6 Necromancy
 + Level 2.6 Translocations
 + Level 2.6 Transmutations
 + Level 2.6 Fire Magic
 + Level 2.6 Ice Magic
 + Level 2.6 Air Magic
 + Level 2.6 Earth Magic
 + Level 2.6 Poison Magic
 + Level 3.5 Invocations
 + Level 3.2 Evocations


You had 8 spell levels left.
You knew the following spells:

 Your Spells              Type           Power        Failure   Level  Hunger
a - Infusion              Chrm           ####         3%          1    None
b - Song of Slaying       Chrm           ####....     5%          2    None
c - Shroud of Golubria    Chrm/Tloc      ###...       11%         2    None
d - Ozocubu's Armour      Chrm/Ice       ###.....     22%         3    ##.....
e - Spectral Weapon       Hex/Chrm       ###.....     22%         3    ##.....

Your spell library contained the following spells:

 Spells                   Type           Power        Failure   Level  Hunger
 Corona                   Hex            ##.....      14%         1    None
 Ensorcelled Hibernation  Hex/Ice        ##....       22%         2    None
 Confusing Touch          Hex            ##......     41%         3    ##.....
 Dazzling Flash           Conj/Hex       ##....       41%         3    ##.....
 Tukima's Dance           Hex            ##......     41%         3    ##.....


Dungeon Overview and Level Annotations

Branches:
Dungeon (5/15)
 Temple: D:4-7

Altars:
Okawaru

Shops:
D:4 :   D:5 :

Annotations:
D:3 1 runed translucent door, Crazy Yiuf
D:5 3 runed translucent doors, Tenz's ghost, amateur GrEn


Innate Abilities, Weirdness & Mutations

Your experience applies equally to all skills.
You have very sharp teeth.
Your uncanny sense of smell can sniff out nearby items.


Message History

The orc wizard is moderately wounded.
You slash the ogre! You slash the orc!
You kill the orc!
Okawaru accepts your kill. The orc wizard casts a spell at you.
The puff of frost hits you.
* * * LOW HITPOINT WARNING * * *
The ogre hits you with a +0 giant club!!
* * * LOW HITPOINT WARNING * * *
You closely miss the orc wizard.
The orc wizard is moderately wounded.
You slash the ogre! You slash the orc!
You kill the orc!
Okawaru accepts your kill.
You barely miss the crimson imp.
The crimson imp hits you but does no damage.
The orc wizard hits you but does no damage.
You are poisoned.
The ogre hits you with a +0 giant club.
You die...

.#####.##....................###
#. #......#######.#####.... #.
#####...# #.# #..## .. #...#
#.#####..# .. #...# #........#
... #...# ###....#.# ..# #...#
#./....... #..)# ####.........
#####.)@##..............
)......Oo5...............
.........................
!........!...............
######...##.....%........ #...#
##### #...# #...# #..o#


You could see an ogre, an orc wizard and a crimson imp.

Vanquished Creatures
  Sigmund (D:5)
  2 ogres
  A bullfrog (D:3)
  2 howler monkeys
  The ghost of emiel the Skirmisher, a weakling KoFi (D:3)
  3 orc priests
  A hound (D:4)
  A gnoll shaman (D:4)
  7 orc wizards
  3 worker ants
  A killer bee zombie (D:5)
  A worker ant zombie (D:5)
  6 adders
  7 gnolls
  An ooze (D:3)
  A worm (D:2)
  2 leopard geckos
  12 orcs
  4 bats
  6 giant cockroaches
  7 goblins
  8 hobgoblins
  11 jackals
  4 kobolds
  A quokka (D:5)
  A ball python (D:3)
  7 frilled lizards
  15 rats
117 creatures vanquished.

Notes
Turn   | Place    | Note
-------+----------+-------------------------------------------
     0 | D:1      | tilp the Gnoll Skald began the quest for the Orb.
     0 | D:1      | Reached XP level 1. HP: 20/20 MP: 6/6
    87 | D:1      | Reached XP level 2. HP: 26/26 MP: 7/7
   510 | D:1      | Learned a level 2 spell: Song of Slaying
   513 | D:1      | Learned a level 2 spell: Shroud of Golubria
   679 | D:1      | Reached XP level 3. HP: 22/31 MP: 5/9
   966 | D:1      | Learned a level 3 spell: Ozocubu's Armour
   970 | D:1      | Learned a level 3 spell: Spectral Weapon
  1029 | D:1      | Reached skill level 5 in Spellcasting
  1211 | D:2      | Reached skill level 1 in Short Blades
  1211 | D:2      | Reached skill level 1 in Long Blades
  1211 | D:2      | Reached skill level 1 in Maces & Flails
  1211 | D:2      | Reached skill level 1 in Polearms
  1211 | D:2      | Reached skill level 1 in Staves
  1211 | D:2      | Reached skill level 1 in Slings
  1211 | D:2      | Reached skill level 1 in Bows
  1211 | D:2      | Reached skill level 1 in Crossbows
  1211 | D:2      | Reached skill level 1 in Throwing
  1211 | D:2      | Reached skill level 1 in Stealth
  1211 | D:2      | Reached skill level 1 in Shields
  1211 | D:2      | Reached skill level 1 in Unarmed Combat
  1211 | D:2      | Reached skill level 1 in Invocations
  1211 | D:2      | Reached skill level 1 in Evocations
  1211 | D:2      | Reached XP level 4. HP: 34/38 MP: 11/11
  1307 | D:2      | Found an iron altar of Okawaru.
  1312 | D:2      | Reached skill level 1 in Conjurations
  1312 | D:2      | Reached skill level 1 in Hexes
  1312 | D:2      | Reached skill level 1 in Summonings
  1312 | D:2      | Reached skill level 1 in Necromancy
  1312 | D:2      | Reached skill level 1 in Translocations
  1312 | D:2      | Reached skill level 1 in Transmutations
  1312 | D:2      | Reached skill level 1 in Fire Magic
  1312 | D:2      | Reached skill level 1 in Ice Magic
  1312 | D:2      | Reached skill level 1 in Air Magic
  1312 | D:2      | Reached skill level 1 in Earth Magic
  1312 | D:2      | Reached skill level 1 in Poison Magic
  1319 | D:2      | Became a worshipper of Warmaster Okawaru
  1926 | D:3      | Reached XP level 5. HP: 40/43 MP: 12/12
  2530 | D:3      | Found a runed translucent door.
  2531 | D:3      | Noticed Crazy Yiuf
  2599 | D:3      | Found a runed translucent door.
  2612 | D:3      | Noticed emiel's ghost (weakling KoFi)
  2847 | D:3      | Reached XP level 6. HP: 39/50 MP: 9/13
  2853 | D:3      | Killed emiel's ghost
  2853 | D:3      | Reached * piety under Okawaru
  3176 | D:4      | Reached skill level 5 in Fighting
  3176 | D:4      | Reached skill level 5 in Axes
  3176 | D:4      | Reached skill level 5 in Dodging
  3330 | D:4      | Found Gutrul's Book Shoppe.
  3336 | D:4      | Reached XP level 7. HP: 45/56 MP: 12/15
  3872 | D:5      | Entered Level 5 of the Dungeon
  3990 | D:5      | Reached ** piety under Okawaru
  4022 | D:5      | Reached XP level 8. HP: 36/63 MP: 11/16
  4023 | D:5      | Found a runed translucent gate.
  4028 | D:5      | Found a runed translucent gate.
  4030 | D:5      | Found a runed translucent gate.
  4030 | D:5      | Noticed a wyvern
  4030 | D:5      | Noticed Tenz's ghost (amateur GrEn)
  4116 | D:5      | Found Cuhubu's Book Emporium.
  4225 | D:5      | Noticed Sigmund
  4270 | D:5      | Killed Sigmund
  4275 | D:5      | Slain by an ogre

Levels and vault maps discovered:
D:1:      erik_arrival_orb_chamber, layout_loops_corners, minmay_pentomino_u2
D:2:      layout_basic, okawaru_altar_gauntlet_db
D:3:      layout_basic, ebering_ghost_sewer_d, grunt_ministairs_6, minivault_24,
          fountainhead, uniq_crazy_yiuf_cottage
D:4:      layout_basic, serial_shops, nicolae_shop_waterfront
D:5:      layout_loops_cross, gup_sewer_entry_glass, gammafunk_ghost_split,
          first_ration, serial_shops, kennysheep_little_box, minivault_1,
          uniq_sigmund

Skill      XL: |  1  2  3  4  5  6  7  8 |
---------------+-------------------------+-----
Spellcasting   | 5 6 |  6.0
Short Blades   | 1 2 3 |  3.2
Long Blades    | 1 2 3 |  3.2
Maces & Flails | 1 2 3 |  3.2
Polearms       | 1 2 3 |  3.2
Staves         | 1 2 3 |  3.2
Slings         | 1 2 3 |  3.2
Bows           | 1 2 3 |  3.2
Crossbows      | 1 2 3 |  3.2
Throwing       | 1 2 3 |  3.2
Stealth        | 1 2 3 |  3.2
Shields        | 1 2 3 |  3.2
Unarmed Combat | 1 2 3 |  3.2
Invocations    | 1 2 3 |  3.5
Evocations     | 1 2 3 |  3.2
Conjurations   | 1 2 |  2.6
Hexes          | 1 2 |  2.6
Summonings     | 1 2 |  2.6
Necromancy     | 1 2 |  2.6
Translocations | 1 2 |  2.6
Transmutations | 1 2 |  2.6
Fire Magic     | 1 2 |  2.6
Ice Magic      | 1 2 |  2.6
Air Magic      | 1 2 |  2.6
Earth Magic    | 1 2 |  2.6
Poison Magic   | 1 2 |  2.6
Armour         | 3 4 |  4.1
Fighting       | 5 |  5.6
Axes           | 5 |  5.6
Dodging        | 5 |  5.6
Charms         | 6 |  6.1

Action                   |  1- 3 |  4- 6 |  7- 9 || total
-------------------------+-------+-------+-------++-------
Melee: Hand axe          |   125 |    88 |       ||   213
       Bite              |    11 |    19 |    14 ||    44
       War axe           |       |    76 |   148 ||   224
 Fire: Hunting sling     |       |    44 |       ||    44
Throw: Stone             |     1 |       |     7 ||     8
 Cast: Infusion          |     2 |     7 |     9 ||    18
Invok: Heroism           |       |       |     2 ||     2
Evoke: Wand              |       |       |     3 ||     3
  Use: Scroll            |     2 |     6 |     5 ||    13
       Potion            |       |       |     2 ||     2
 Stab: Paralysed         |       |       |    10 ||    10
  Eat: Chunk             |     1 |     7 |     3 ||    11
Armor: Leather armour    |     2 |       |       ||     2
       Scale mail        |    50 |    65 |    54 ||   169
Dodge: Dodged            |    65 |   120 |   103 ||   288

Table legend:
 A = Non-vault XP
 B = Vault XP
 C = Vault XP percentage of total XP
 D = Non-vault monster count
 E = Vault monster count
 F = Vault count percentage of total count
                 A         B        C        D         E       F
            +---------+---------+-------+---------+---------+-------
      Total |    1242 |     420 |  25.3 |      88 |      29 |  24.8
            +---------+---------+-------+---------+---------+-------
        D:1 |      23 |      15 |  39.5 |      13 |      14 |  51.9
        D:2 |      98 |      23 |  19.0 |      17 |       6 |  26.1
        D:3 |      98 |     170 |  63.4 |      15 |       8 |  34.8
        D:4 |     506 |       0 |   0.0 |      23 |       0 |   0.0
        D:5 |     517 |     212 |  29.1 |      20 |       1 |   4.8
            +---------+---------+-------+---------+---------+-------
